Map: Simulacrum LE

Players

SortOf

  • Race: Zerg Zerg
  • League: Grandmaster
  • Spawn Location: 5:00

TSGSolar (Solar) - Winner!

  • Race: Zerg Zerg
  • League: Master
  • Spawn Location: 11:00

Event: StayAtHomestory Cup #1

VOD

Have the link to the VOD?

Description

Time

  • Played on: April 11, 2020, 6:53 a.m.
  • Length: 6:13

All games in this series

Show
View Real Time Build Order
Export as new Build Order

SortOf Zerg 

Build Orders: Hatch First 

Get SALT Encoding   

  12  0:01  Drone  
  13  0:12  Overlord  
  13  0:17  Drone  
  14  0:31  Drone x2  
  16  0:48  Hatchery  
  15  0:51  Drone  
  15  0:55  Drone  
  17  0:58  Drone  
  18  1:09  Extractor  
  17  1:14  Spawning Pool  
  17  1:17  Drone  
  17  1:20  Drone  
  18  1:28  Drone  
  19  1:39  Drone  
  20  1:49  Drone  
  21  2:00  Queen x2  
  25  2:01  Overlord  
  25  2:03  Drone  
  26  2:10  Drone  
  26  2:11  Drone  
  26  2:13  Metabolic Boost  
  28  2:23  Drone x2  
  30  2:36  Hatchery, Drone  
  30  2:41  Drone  
  31  2:47  Baneling Nest  
  31  2:49  Overlord  
  30  2:51  Zergling x2  
  30  2:56  Zergling x2  
  30  2:57  Drone  
  33  3:02  Queen  
  35  3:06  Drone  
  35  3:08  Drone  
  35  3:12  Drone x2  
  39  3:17  Drone x2  
  41  3:22  Zergling x2  
  41  3:23  Evolution Chamber  
  41  3:26  Drone x2  
  43  3:30  Overlord  
  43  3:32  Drone  
  44  3:46  Overlord  
  44  3:49  Drone x6  
  44  3:53  Zerg Ground Armor Level 1  
  50  3:58  Roach Warren  
  50  4:00  Extractor  
  50  4:01  Extractor  
  48  4:02  Zergling x2  
  48  4:04  Drone  
  48  4:07  Drone  
  49  4:11  Drone x3  
  49  4:12  Overlord  
  49  4:16  Baneling x2  
  52  4:18  Zergling x4  
  54  4:28  Overlord  
  53  4:35  Overlord  
  53  4:42  Zergling x2, Roach x6  
  53  4:45  Baneling x2  
  66  4:46  Zergling x4  
  66  4:52  Overlord  
  68  4:54  Roach x2  
  68  4:59  Roach x2  
  76  5:01  Roach  
  76  5:04  Roach  
  80  5:08  Roach  
  80  5:09  Zergling x2, Roach  
  85  5:16  Roach  
  85  5:18  Zergling x4  
  85  5:20  Zergling x2  
  89  5:23  Zergling x4, Roach  
  89  5:27  Zergling x4  
  89  5:28  Zergling x4  
  89  5:30  Zergling x2  
  89  5:33  Overlord  
  89  5:34  Zergling x2  
  87  5:38  Baneling x2  
  87  5:39  Ravager x2  
  87  5:41  Zergling x2  
  88  5:44  Zergling x6  
  84  5:52  Zergling x10  
Show
View Real Time Build Order
Export as new Build Order

TSGSolar Zerg - Winner!

Build Orders: Hatch First 

Get SALT Encoding   

  12  0:02  Drone  
  13  0:13  Overlord  
  13  0:17  Drone  
  14  0:31  Drone  
  14  0:33  Drone  
  16  0:49  Hatchery  
  15  0:51  Drone  
  15  0:55  Drone  
  17  0:58  Drone  
  18  1:10  Extractor  
  17  1:14  Spawning Pool  
  17  1:16  Drone  
  17  1:20  Drone  
  18  1:28  Drone  
  19  1:44  Drone  
  20  1:50  Overlord  
  20  2:00  Queen  
  20  2:01  Queen  
  24  2:02  Drone x2  
  26  2:11  Drone x2  
  26  2:12  Metabolic Boost  
  28  2:22  Drone x2  
  30  2:34  Hatchery  
  29  2:40  Drone x2  
  31  2:47  Zergling x2, Baneling Nest  
  31  2:53  Drone  
  31  2:54  Overlord  
  31  2:57  Drone  
  33  3:02  Queen  
  35  3:06  Zergling x2  
  36  3:13  Drone  
  36  3:14  Drone x3  
  36  3:16  Zergling x2  
  36  3:18  Zergling x2  
  42  3:21  Drone  
  42  3:24  Overlord  
  42  3:26  Drone  
  44  3:31  Evolution Chamber  
  43  3:34  Drone  
  43  3:43  Zergling x4  
  43  3:44  Drone x2  
  43  3:48  Drone x2  
  49  3:51  Overlord  
  49  3:58  Drone x2  
  51  4:03  Drone  
  51  4:05  Roach Warren  
  51  4:07  Extractor  
  51  4:08  Extractor  
  49  4:14  Drone  
  49  4:15  Zergling x4  
  49  4:16  Drone  
  53  4:17  Overlord  
  53  4:18  Overlord  
  53  4:19  Drone  
  53  4:21  Overlord  
  54  4:25  Overlord  
  54  4:46  Roach x9  
  54  4:49  Roach x2  
  75  4:55  Baneling x2  
  75  4:58  Roach  
  75  4:59  Zergling x10  
  82  5:02  Zergling x4  
  82  5:05  Zergling x4  
  85  5:11  Roach  
  87  5:16  Roach x3  
  87  5:18  Zergling x2  
  87  5:19  Zergling x2  
  87  5:20  Zergling x2  
  94  5:23  Baneling x2  
  94  5:28  Zergling x6  
  93  5:38  Zergling x10  
  97  5:48  Zergling x6  
  97  5:49  Overlord  
  96  5:51  Overlord  
  96  5:53  Zergling x2  
  96  5:54  Ravager  
  96  5:55  Zergling x4, Ravager  
  96  5:56  Ravager  
  92  6:01  Ravager x2  
Tags
 
Add a new tag
Caveats
  • Supply blocks, unpowered buildings, or Contaminate may cause inaccurate times.
  • Supply counts are checked every 10 seconds.